 Dungeon Crawl Stone Soup version 0.14.0-12-g87ee3b7 (webtiles) character file.

16675 Maka the Spear-Bearer (level 12, -12/110 HPs)
             Began as a Merfolk Skald on Apr 15, 2014.
             Was a High Priest of Cheibriados.
             Mangled by a frost giant
             ... wielding a +2,+0 battleaxe of freezing
              (25 damage)
             ... in an ice cave.
             The game lasted 00:57:24 (12687 turns).

Maka the Spear-Bearer (Merfolk Skald)              Turns: 12687, Time: 00:57:25

HP -12/110       AC 11     Str 23      XL: 12   Next: 31%
MP   3/24        EV 25     Int 22      God: Cheibriados [*****.]
Gold 769         SH  0     Dex 30      Spells:  6 memorised,  7 levels left

rFire  x . .     SeeInvis .     a - +1 trident
rCold  + . .     Clarity  .     n - +2 leather armour
rNeg   . . .     Conserve .     (no shield)
rPois  .         rCorr    +     (no helmet)
rElec  .         rRot     .     k - +2 cloak
SustAb . .       Spirit   .     h - +0 pair of gloves
rMut   .         Warding  .     o - +0 pair of boots
Saprov . . .     Stasis   .     m - amulet of resist corrosion
MR     .....                    F - ring of Vitality {Regen HP+15, yes yes yes}
                                l - ring of ice

@: very slow, not resistant to hostile enchantments, fairly stealthy
A: change form in water, swift swim
a: Bend Time, Temporal Distortion, Slouch, Step From Time, Renounce Religion


You were in an ice cave.
You worshipped Cheibriados.
Cheibriados was extremely pleased with you.
You were not hungry.

You visited 3 branches of the dungeon, and saw 12 of its levels.
You also visited: Ossuary and Ice Cave.

You collected 769 gold pieces.

Inventory:

Hand weapons
 a - a +1,+1 trident (weapon)
 b - a cursed +0,+0 trident
 H - a cursed +2 blowgun
Missiles
 v - 6 javelins (quivered)
 B - a throwing net
 I - 3 curare-tipped needles
Armour
 h - a +0 pair of gloves (worn)
 k - a +2 cloak (worn)
 n - a +2 leather armour (worn)
 o - a +0 pair of boots (worn)
Magical devices
 c - a wand of lightning (6)
 e - a wand of paralysis (9)
 Q - a wand of fire (0)
Comestibles
 d - 4 bread rations
Scrolls
 i - a scroll of enchant weapon I
 q - 2 scrolls of fog
 t - 3 scrolls of teleportation
 w - 5 scrolls of remove curse
 x - a scroll of blinking
 J - a scroll of magic mapping
Jewellery
 g - an uncursed ring of magical power
 j - an uncursed ring of protection from cold {unknown}
 l - a ring of ice (left hand)
 m - an amulet of resist corrosion (around neck)
 C - an uncursed amulet of warding {unknown}
 F - the ring of Vitality (right hand) {Regen HP+15, yes yes yes}
   (You found it on level 6 of the Dungeon)

   [ring of regeneration]

   It affects your health (+15).
 G - a cursed ring of magical power
Potions
 f - a potion of cure mutation


   Skills:
 - Level 9.0 Fighting
 - Level 14.0 Polearms
 - Level 4.0 Armour
 + Level 11.2 Dodging
 - Level 5.1 Spellcasting
 - Level 8.1 Charms
 - Level 8.0 Invocations


You had 7 spell levels left.
You knew the following spells:

 Your Spells              Type           Power        Failure   Level  Hunger
a - Infusion              Chrm           #####.       1%          1    None
b - Shroud of Golubria    Chrm/Tloc      ###.......   3%          2    None
c - Regeneration          Chrm/Necr      ###.......   8%          3    ##.....
d - Spectral Weapon       Hex/Chrm       ###.....     8%          3    ##.....
e - Fire Brand            Chrm/Fire      ##........   3%          2    None
f - Ozocubu's Armour      Chrm/Ice       #####.....   8%          3    ##.....


Dungeon Overview and Level Annotations

Branches:
Dungeon (9/15)             Temple (1/1) D:6            Lair (2/8) D:9
    Orc: D:9-12

Altars:
Ashenzari
Cheibriados
Dithmenos
Elyvilon
Fedhas
Kikubaaqudgha
Makhleb
Nemelex Xobeh
Okawaru
Sif Muna
Trog
Vehumet
Xom
Yredelemnul
Zin
The Shining One

Annotations:
D:7 exclusion: centaur


Message History

You hit the frost giant.
The frost giant is severely wounded.
The polar bear goes berserk!
You hit the frost giant but do no damage.
The frost giant is severely wounded.
The frost giant hits you with a battleaxe of freezing!
The frost giant freezes you.
You hit the frost giant but do no damage.
The frost giant is severely wounded.
You hit the frost giant.
The frost giant is severely wounded.
The frost giant points at you and mumbles some strange words.
The bolt of cold hits you! You resist.
* * * LOW HITPOINT WARNING * * *
You impale the frost giant!!
The frost giant is almost dead.
You puncture the frost giant!
The frost giant is almost dead.
The frost giant hits you with a battleaxe of freezing!
You die...

##### ########## ##.#.#
#..U##..%########.#.⌠.
#Y..##C@.##...#..#.###.#
#U..U
########..#..######


.UUU #..#####.≈≈#≈ .U. ##..##..≈#≈≈≈ U ###...##≈≈≈# #####≈≈≈## #≈≈#≈≈≈≈
≈≈≈≈≈≈≈≈≈ ≈≈≈≈≈≈## You could see a frost giant and a polar bear (berserk).

Vanquished Creatures
  2 death yaks (IceCv)
  Joseph (D:8)
  2 black mambas (Lair:1)
  A spiny frog (Lair:1)
  2 komodo dragons (Lair:1)
  A troll (D:9)
  10 polar bears (IceCv)
  A two-headed ogre (D:8)
  3 blink frogs (Lair:1)
  Grum (D:8)
  A steam dragon (D:8)
  14 yaks
  A hippogriff (Lair:1)
  Menkaure (D:5)
  17 wolves
  2 water moccasins
  2 black bears (D:7)
  3 ice beasts
  2 orc warriors
  2 sky beasts (D:6)
  2 phantoms
  8 centaurs
  8 ogres
  2 crocodiles (Lair:1)
  2 giant slugs (Lair:1)
  6 giant frogs
  5 scorpions
  6 killer bees
  2 crimson imps
  4 goliath beetles
  8 hounds
  Crazy Yiuf (D:4)
  2 iguanas
  A centaur skeleton (D:7)
  4 orc priests
  3 orc wizards
  11 worker ants
  11 mummies
  6 gnolls
  14 adders
  A green rat (D:9)
  A giant mite (D:1)
  A shadow imp (D:9)
  12 white imps (Lair:2)
  8 worms
  An orc zombie (D:7)
  2 giant eyeballs
  9 giant geckos
  2 oozes
  15 orcs
  2 ball pythons
  22 bats
  A bat zombie (D:5)
  3 giant cockroaches
  7 goblins
  19 hobgoblins
  26 jackals
  6 quokkas
  5 giant newts
  A gnoll zombie (Ossuary)
  A goblin skeleton (D:5)
  3 hobgoblin zombies (Ossuary)
  8 kobolds
  A kobold skeleton (D:8)
  5 kobold zombies
  19 rats
  A butterfly (D:6)
  A fungus (D:9)
358 creatures vanquished.

Vanquished Creatures (others)
  2 polar bears (IceCv)
  2 wolves (IceCv)
  2 fungi (D:9)
  5 toadstools (D:1)
11 creatures vanquished.

Grand Total: 369 creatures vanquished

Notes
Turn   | Place    | Note
--------------------------------------------------------------
     0 | D:1      | Maka, the Merfolk Skald, began the quest for the Orb.
     0 | D:1      | Reached XP level 1. HP: 16/16 MP: 3/3
   205 | D:1      | Reached skill level 4 in Polearms
   205 | D:1      | Reached XP level 2. HP: 22/22 MP: 4/4
   240 | D:1      | Learned a level 2 spell: Shroud of Golubria
   772 | D:1      | Reached skill level 5 in Polearms
   772 | D:1      | Reached XP level 3. HP: 15/27 MP: 0/6
  1149 | D:2      | Learned a level 3 spell: Regeneration
  1154 | D:2      | Found a radiant altar of Vehumet.
  1481 | D:2      | Reached skill level 6 in Polearms
  1481 | D:2      | Reached XP level 4. HP: 14/33 MP: 1/7
  1505 | D:2      | HP: 1/33 [quokka (5)]
  1894 | D:2      | Reached skill level 7 in Polearms
  2135 | D:2      | Reached XP level 5. HP: 29/38 MP: 1/9
  2317 | D:2      | Reached skill level 1 in Armour
  2351 | D:3      | Found an ancient bone altar of Kikubaaqudgha.
  2358 | D:3      | Noticed a centaur
  2359 | D:3      | Found a blossoming altar of Fedhas.
  2366 | D:3      | Killed a centaur
  2619 | D:3      | Reached XP level 6. HP: 28/44 MP: 10/10
  2909 | D:3      | Reached skill level 5 in Dodging
  3435 | D:4      | Reached skill level 8 in Polearms
  3462 | D:4      | Found a burning altar of Makhleb.
  3478 | D:4      | Reached XP level 7. HP: 34/50 MP: 12/12
  4048 | D:4      | Noticed Crazy Yiuf
  4063 | D:4      | Killed Crazy Yiuf
  4225 | D:5      | Entered Level 5 of the Dungeon
  4335 | D:5      | Paralysed by a giant eyeball for 2 turns
  4457 | D:5      | Reached skill level 5 in Charms
  4880 | D:5      | Reached skill level 9 in Polearms
  5160 | D:5      | Reached XP level 8. HP: 47/56 MP: 9/16
  5264 | D:5      | Reached skill level 10 in Polearms
  5594 | D:5      | Noticed Menkaure
  5607 | D:5      | Killed Menkaure
  5699 | D:6      | Learned a level 3 spell: Spectral Weapon
  5727 | D:6      | Noticed a hill giant
  5910 | D:6      | Reached skill level 11 in Polearms
  5993 | D:6      | Reached skill level 5 in Fighting
  6066 | D:5      | Reached skill level 12 in Polearms
  6066 | D:5      | Reached XP level 9. HP: 47/68 MP: 13/17
  6296 | D:6      | Found a staircase to the Ecumenical Temple.
  6339 | Temple   | Entered the Ecumenical Temple
  6385 | Temple   | Became a worshipper of Cheibriados the Contemplative
  6451 | D:6      | Reached skill level 1 in Invocations
  6603 | D:6      | Found a shimmering altar of Xom.
  7154 | D:7      | Reached skill level 5 in Invocations
  7362 | D:7      | Learned a level 2 spell: Fire Brand
  7580 | D:7      | Found a bloodstained altar of Trog.
  7601 | D:7      | Reached skill level 13 in Polearms
  7722 | D:7      | Found a shimmering altar of Xom.
  8010 | D:7      | Reached XP level 10. HP: 74/74 MP: 18/18
  8035 | D:8      | Noticed Grum
  8124 | D:8      | Found a sand-covered staircase.
  8138 | Ossuary  | Entered an ossuary
  8390 | Ossuary  | Reached skill level 14 in Polearms
  8622 | D:8      | Found a sparkling altar of Nemelex Xobeh.
  8819 | D:8      | Found a shadowy altar of Dithmenos.
  8902 | D:8      | Noticed Joseph
  8940 | D:8      | Killed Joseph
  9302 | D:8      | Reached skill level 10 in Dodging
  9320 | D:8      | Acquired Cheibriados' first power
  9330 | D:8      | Killed Grum
  9717 | D:9      | Found a staircase to the Lair.
  9882 | D:9      | Acquired Cheibriados' second power
 10209 | D:9      | Reached XP level 11. HP: 83/83 MP: 14/21
 10359 | Lair:1   | Entered Level 1 of the Lair of Beasts
 10448 | Lair:1   | Learned a level 3 spell: Ozocubu's Armour
 11026 | Lair:1   | Reached skill level 5 in Spellcasting
 11071 | Lair:1   | Acquired Cheibriados' third power
 11521 | Lair:2   | Found a frozen archway.
 11541 | IceCv    | Entered an ice cave
 11975 | IceCv    | Noticed a death yak
 11979 | IceCv    | Noticed a death yak
 11998 | IceCv    | Killed a death yak
 12002 | IceCv    | Killed a death yak
 12227 | IceCv    | Reached XP level 12. HP: 88/94 MP: 19/24
 12609 | IceCv    | Noticed a frost giant
 12687 | IceCv    | Mangled by a frost giant

Action                   |  1- 3 |  4- 6 |  7- 9 | 10-12 || total
-------------------------+-------+-------+-------+-------++-------
Melee: Spear             |   162 |    43 |       |       ||   205
       Trident           |       |   208 |   692 |   966 ||  1866
Throw: Dart              |       |       |     5 |       ||     5
       Javelin           |       |       |       |     3 ||     3
 Cast: Infusion          |     3 |     5 |    22 |    28 ||    58
       Shroud of Golubri |       |     1 |     6 |     7 ||    14
Invok: Bend Time         |       |       |     1 |     2 ||     3
       Slouch            |       |       |       |     4 ||     4
Evoke: Wand              |       |       |       |     8 ||     8
  Use: Potion            |     1 |     1 |     3 |       ||     5
       Scroll            |       |    10 |     5 |     7 ||    22
 Stab: Sleeping          |       |     1 |     2 |     2 ||     5
       Fleeing           |       |       |     1 |     1 ||     2
       Distracted        |       |       |       |     1 ||     1
